[Event "ICC tourney 3218 (30 10)"]
[Site "Internet Chess Club"]
[Date "2023.06.17"]
[Round "3"]
[White "JIMENEZ, LUIS A:eltuna"]
[Black "HO, CARTER:corviknight"]
[Result "0-1"]
[ICCResult "White resigns"]
[WhiteElo "1857"]
[BlackElo "2115"]
[Opening "Sicilian: Anderssen variation"]
[ECO "B41"]
[NIC "SI.41"]
[Time "16:00:19"]
[PlyCount "54"]
[TimeControl "1800+10"]

1. e4 c5 2. Nf3 e6 3. d4 cxd4 4. Nxd4 Nf6 5. Nc3 Nc6 6. a3 d5 7. exd5 Nxd5
8. Nxd5 Qxd5 9. Nxc6 bxc6 10. Be3 Bb7 11. c4 Qe5 12. Be2 Rd8 13. Qc2 Bd6 14.
c5 Bc7 15. g3 Ba5+ 16. Kf1 O-O 17. Kg2 Bd2 18. Bxd2 Qxe2 19. Rad1 Rd3 20.
Rhe1 Qf3+ 21. Kg1 Rfd8 22. b4 e5 23. Rxe5 Bc8 24. Rde1 Be6 25. Bc1 Rd1 26.
Qe2 Rxe1+ 27. Qxe1 Rd1 {White resigns} 0-1

[Event "ICC tourney 3218 (30 10)"]
[Site "Internet Chess Club"]
[Date "2023.06.17"]
[Round "3"]
[White "YU, VINCENT ZHIWEN:vincentyu"]
[Black "Pendse, Vihaan:awakeprize"]
[Result "1/2-1/2"]
[ICCResult "Game drawn by repetition"]
[WhiteElo "1615"]
[BlackElo "2007"]
[Opening "Sicilian"]
[ECO "B54"]
[NIC "SI.01"]
[Time "16:00:08"]
[PlyCount "91"]
[TimeControl "1800+10"]

1. e4 c5 2. Nf3 d6 3. d4 cxd4 4. Nxd4 g6 5. c4 Bg7 6. Nc3 Nf6 7. Be3 O-O 8.
Be2 Bd7 9. O-O Nc6 10. f4 Nxd4 11. Bxd4 Bc6 12. Bf3 Qc8 13. Nd5 Nxd5 14.
exd5 Bd7 15. Bxg7 Kxg7 16. Qd4+ Kg8 17. Rfe1 Re8 18. Re3 Bg4 19. Bxg4 Qxg4
20. Rae1 Qd7 21. b3 a5 22. a4 Qc7 23. Re4 b6 24. Qe3 Kf8 25. f5 Qc5 26. Qxc5
bxc5 27. fxg6 hxg6 28. Rh4 Kg7 29. Re3 Rab8 30. Rhh3 Rb4 31. Rhf3 e5 32.
dxe6 Rxe6 33. Rxe6 fxe6 34. Rd3 Rb6 35. Kf2 e5 36. Ke3 Kf6 37. Ke4 Ke6 38.
Rg3 Kf6 39. Kd5 Kf5 40. Rf3+ Kg4 41. Rg3+ Kf5 42. Rf3+ Kg4 43. Rg3+ Kf5 44.
Rf3+ Kg4 45. Rg3+ Kf5 46. Rf3+ {Game drawn by repetition} 1/2-1/2

[Event "ICC tourney 3218 (30 10)"]
[Site "Internet Chess Club"]
[Date "2023.06.17"]
[Round "3"]
[White "GUSEINOV, GADIR:GGuseinov"]
[Black "HO, COOPER:arsenicblast"]
[Result "1-0"]
[ICCResult "Black resigns"]
[WhiteElo "2711"]
[BlackElo "2212"]
[Opening "Sicilian: closed, 2...Nc6"]
[ECO "B23"]
[NIC "SI.44"]
[Time "16:00:19"]
[PlyCount "73"]
[TimeControl "1800+10"]

1. e4 c5 2. Nc3 Nc6 3. Bb5 Nd4 4. Nf3 a6 5. Bd3 g6 6. Nxd4 cxd4 7. Ne2 Bg7
8. O-O e6 9. c3 dxc3 10. dxc3 Ne7 11. Bg5 O-O 12. Qd2 b6 13. Rad1 f6 14. Be3
Nc6 15. Bc2 f5 16. f4 Rf7 17. e5 Bb7 18. Nd4 Bf8 19. Qf2 Nxd4 20. Rxd4 Bc5
21. Rd2 Bxe3 22. Qxe3 Bc6 23. Bd1 Rc8 24. Bf3 Bxf3 25. Qxf3 Qc7 26. Rfd1 Kf8
27. Rd6 Ke8 28. Qd3 Qb7 29. a4 Rg7 30. h4 h6 31. Rd2 Rc7 32. Rxe6+ dxe6 33.
Qd8+ Kf7 34. Qf6+ Kg8 35. Rd8+ Kh7 36. Qf8 g5 37. h5 {Black resigns} 1-0

[Event "ICC tourney 3218 (30 10)"]
[Site "Internet Chess Club"]
[Date "2023.06.17"]
[Round "3"]
[White "JIANG, ANDREW:andrewjiang2"]
[Black "Belous, Vladimir:Openyagami"]
[Result "0-1"]
[ICCResult "White resigns"]
[WhiteElo "2286"]
[BlackElo "2594"]
[Opening "Sicilian: Alapin's variation (2.c3)"]
[ECO "B22"]
[NIC "SI.46"]
[Time "16:00:10"]
[PlyCount "76"]
[TimeControl "1800+10"]

1. e4 c5 2. c3 Nf6 3. e5 Nd5 4. Nf3 Nc6 5. Bc4 Nb6 6. Bb3 c4 7. Bc2 Qc7 8.
Qe2 g5 9. Nxg5 Qxe5 10. d4 cxd3 11. Bxd3 Qxe2+ 12. Kxe2 f6 13. Nxh7 Bg7 14.
Bg6+ Kd8 15. h4 Ne5 16. h5 Nxg6 17. hxg6 d5 18. Bh6 Rg8 19. a4 Bf5 20. a5
Nd7 21. Bxg7 Rxg7 22. Ng5 Kc7 23. Nf3 Bxg6 24. Nd4 Rgg8 25. a6 e5 26. Nb5+
Kb6 27. axb7 Kxb7 28. Nd2 Nc5 29. b4 Bd3+ 30. Kf3 Ne4 31. Na3 Nxd2+ 32. Ke3
Nb3 33. Ra2 Rh8 34. Rd1 Bf5 35. Rb2 d4+ 36. Kf3 Rag8 37. Re1 e4+ 38. Kf4 Bd7
{White resigns}
0-1

[Event "ICC tourney 3218 (30 10)"]
[Site "Internet Chess Club"]
[Date "2023.06.17"]
[Round "3"]
[White "SKARIAH, ANUSHKA ELIZABETH:kskariah"]
[Black "JAIN, KANISHK:kanishkj"]
[Result "1/2-1/2"]
[ICCResult "Game drawn by mutual agreement"]
[WhiteElo "1596"]
[BlackElo "1665"]
[Opening "French: advance, Paulsen attack"]
[ECO "C02"]
[NIC "FR.03"]
[Time "16:00:09"]
[PlyCount "68"]
[TimeControl "1800+10"]

1. e4 e6 2. d4 d5 3. e5 c5 4. c3 Nc6 5. Nf3 Qb6 6. a3 Nge7 7. b4 cxd4 8.
cxd4 Nf5 9. Bb2 Bd7 10. Be2 Be7 11. O-O h5 12. b5 Na5 13. a4 a6 14. Ba3 axb5
15. Bxe7 Nxe7 16. axb5 Bxb5 17. Bxb5+ Qxb5 18. Nc3 Qd7 19. Qd3 O-O 20. Rfb1
Nc4 21. Ng5 Nf5 22. h3 Qe7 23. f4 f6 24. exf6 Qxf6 25. Rxa8 Rxa8 26. Rxb7
Qxd4+ 27. Qxd4 Nxd4 28. Nb5 Nxb5 29. Rxb5 Re8 30. Rb7 g6 31. Rd7 e5 32. Rxd5
exf4 33. Rd4 Ne3 34. Rxf4 Nf5 {Game drawn by mutual agreement} 1/2-1/2

[Event "ICC tourney 3218 (30 10)"]
[Site "Internet Chess Club"]
[Date "2023.06.17"]
[Round "3"]
[White "JIANG, BRANDON:BranKing"]
[Black "LIANG, YU-CHENG:Yucheng"]
[Result "1/2-1/2"]
[ICCResult "Game drawn by mutual agreement"]
[WhiteElo "2204"]
[BlackElo "2197"]
[Opening "Réti: King's Indian attack, French variation"]
[ECO "A05"]
[NIC "QP.11"]
[Time "16:00:07"]
[PlyCount "72"]
[TimeControl "1800+10"]

1. Nf3 Nf6 2. d3 d5 3. Nbd2 c5 4. e4 Nc6 5. g3 e6 6. Bg2 Be7 7. O-O O-O 8.
Re1 b6 9. e5 Nd7 10. Nf1 b5 11. h4 Bb7 12. N1h2 a5 13. Ng4 Rc8 14. Bf4 Nd4
15. Qd2 Nxf3+ 16. Bxf3 Ba8 17. h5 Kh8 18. Bg2 d4 19. Nh2 Bxg2 20. Kxg2 Ra8
21. Nf3 Nb6 22. h6 g6 23. Bg5 Nd5 24. Bxe7 Qxe7 25. Ng5 Ne3+ 26. Rxe3 Qxg5
27. Re2 Qxd2 28. Rxd2 Rad8 29. a4 b4 30. b3 g5 31. Kf3 f5 32. Rh1 Rg8 33.
Rh5 Rg6 34. g4 f4 35. Ke4 Rf8 36. Kf3 Kg8 {Game drawn by mutual agreement}
1/2-1/2

[Event "ICC tourney 3218 (30 10)"]
[Site "Internet Chess Club"]
[Date "2023.06.17"]
[Round "3"]
[White "Feng, Jay:TheDeadlyPawn"]
[Black "GHOSH, YOHAN:luckylion"]
[Result "0-1"]
[ICCResult "White forfeits on time"]
[WhiteElo "1973"]
[BlackElo "1848"]
[Opening "Sicilian: accelerated fianchetto, modern variation with Bc4"]
[ECO "B35"]
[NIC "SI.33"]
[Time "16:00:19"]
[PlyCount "60"]
[TimeControl "1800+10"]

1. e4 c5 2. Nf3 Nc6 3. d4 cxd4 4. Nxd4 g6 5. Nc3 Bg7 6. Be3 Nf6 7. Bc4 Qa5
8. O-O O-O 9. Bb3 d6 10. h3 Bd7 11. f4 Nxd4 12. Bxd4 Bc6 13. Qd3 Nd7 14.
Bxg7 Kxg7 15. Rae1 Nc5 16. Qd4+ f6 17. e5 fxe5 18. fxe5 Nxb3 19. axb3 Rxf1+
20. Kxf1 Rf8+ 21. Kg1 Qc5 22. Qxc5 dxc5 23. Ne4 b6 24. g3 Rf5 25. Nd2 Rh5
26. Kh2 Bd7 27. h4 Rf5 28. Re2 h5 29. Kg1 Bc6 30. c4 Kf7
{White forfeits on time}
0-1

[Event "ICC tourney 3218 (30 10)"]
[Site "Internet Chess Club"]
[Date "2023.06.17"]
[Round "3"]
[White "Cheng, Samuel:Samuel1001"]
[Black "OPASKA, MICHAEL:mopaska1106"]
[Result "0-1"]
[ICCResult "White checkmated"]
[WhiteElo "1750"]
[BlackElo "1943"]
[Opening "QGD: Charousek (Petrosian) variation"]
[ECO "D31"]
[NIC "QP.08"]
[Time "16:00:09"]
[PlyCount "102"]
[TimeControl "1800+10"]

1. d4 d5 2. c4 e6 3. Nc3 Be7 4. e3 Nf6 5. Nf3 O-O 6. Bd3 b6 7. O-O Bb7 8.
cxd5 exd5 9. Qc2 h6 10. Bd2 c5 11. dxc5 bxc5 12. b3 Nc6 13. Na4 Qd6 14. Rac1
Nd7 15. Bf5 Ba6 16. Rfe1 c4 17. e4 d4 18. bxc4 Nde5 19. Nxe5 Nxe5 20. Nb2 d3
21. Qd1 Rab8 22. Bc3 Rxb2 23. Bxb2 d2 24. c5 dxe1=Q+ 25. Qxe1 Qc7 26. Bxe5
Qxe5 27. Qa5 Bc8 28. Qxa7 Bxf5 29. exf5 Bg5 30. Rf1 Rc8 31. c6 Qd6 32. Qd7
Qxc6 33. Qa7 Ra8 34. Qd4 Rxa2 35. h4 Bf6 36. Qg4 Ra4 37. f4 Ra2 38. Rf3 Qc1+
39. Rf1 Bd4+ 40. Kh2 Qxf1 41. Qg3 Qg1+ 42. Kh3 Qh1+ 43. Kg4 Rxg2 44. Kf3
Rxg3+ 45. Kxg3 Qg1+ 46. Kf3 Qe3+ 47. Kg2 Qf2+ 48. Kh3 Qf3+ 49. Kh2 Bf2 50.
f6 Qg3+ 51. Kh1 Qg1# {White checkmated} 0-1

[Event "ICC tourney 3218 (30 10)"]
[Site "Internet Chess Club"]
[Date "2023.06.17"]
[Round "3"]
[White "Ledas, Armandas:ArmandasLedas"]
[Black "LU, JOSHUA:qingjoshua"]
[Result "1-0"]
[ICCResult "Black resigns"]
[WhiteElo "1561"]
[BlackElo "2095"]
[Opening "Caro-Kann: exchange variation"]
[ECO "B13"]
[NIC "CK.02"]
[Time "16:00:08"]
[PlyCount "123"]
[TimeControl "1800+10"]

1. e4 c6 2. d4 d5 3. exd5 cxd5 4. Bd3 Nc6 5. c3 Qc7 6. Nf3 Bg4 7. Nbd2 Nf6
8. O-O e6 9. Re1 Bd6 10. Nf1 O-O 11. Bg5 Nd7 12. Bh4 g6 13. Ne3 Bxh2+ 14.
Kh1 Bxf3 15. Qxf3 Bf4 16. Ng4 f5 17. Rxe6 fxg4 18. Qxg4 Rf7 19. Bxg6 Rg7 20.
Bxh7+ Kxh7 21. Qh5+ Kg8 22. g3 Nf8 23. Rf6 Bg5 24. Bxg5 Rh7 25. Bh6 Qg7 26.
Rd6 Rd8 27. Qxd5+ Qf7 28. Qg5+ Kh8 29. Rf6 Qg8 30. Kg2 Qxg5 31. Bxg5 Re8 32.
Kf3 Ne6 33. Be3 Kg7 34. Rf5 Ne7 35. Re5 Ng6 36. Rb5 b6 37. Rd1 Nc7 38. Rf5
Rhh8 39. d5 Rhf8 40. Rxf8 Kxf8 41. d6 Ne6 42. Kg4 Ne5+ 43. Kf5 Nd7 44. Rh1
Ng7+ 45. Kf4 Re6 46. Bd4 Kg8 47. Bxg7 Kxg7 48. Rd1 Re2 49. Kf5 Kf7 50. f4
Rxb2 51. a4 Re2 52. Rh1 Nf6 53. Rd1 Nd7 54. g4 Re3 55. g5 Rxc3 56. Re1 Rc5+
57. Kg4 Nf8 58. Re7+ Kg6 59. d7 Nxd7 60. Rxd7 b5 61. f5+ Rxf5 62. Rd6+
{Black resigns}
1-0

[Event "ICC tourney 3218 (30 10)"]
[Site "Internet Chess Club"]
[Date "2023.06.17"]
[Round "4"]
[White "JAIN, KANISHK:kanishkj"]
[Black "Mannava, Nirvika:nirvimannava"]
[Result "1-0"]
[ICCResult "Black checkmated"]
[WhiteElo "1665"]
[BlackElo "365"]
[Opening "Petrov: Damiano variation"]
[ECO "C42"]
[NIC "RG.03"]
[Time "18:04:53"]
[PlyCount "77"]
[TimeControl "1800+10"]

1. e4 e5 2. Nf3 Nf6 3. Nxe5 Nxe4 4. Qe2 d5 5. d3 f6 6. Nf3 Bg4 7. dxe4 dxe4
8. Qxe4+ Be6 9. Qxe6+ Qe7 10. Qxe7+ Bxe7 11. Nc3 Bb4 12. Bd2 Bxc3 13. Bxc3
O-O 14. Bc4+ Kh8 15. O-O-O Nc6 16. Rhe1 Rae8 17. Rxe8 Rxe8 18. Rd7 Rc8 19.
Ng5 h6 20. Ne6 b5 21. Bxb5 Ne5 22. Bxe5 fxe5 23. Rxc7 Rxc7 24. Nxc7 g5 25.
Kd2 h5 26. Ke3 g4 27. Ke4 Kh7 28. Kxe5 Kh6 29. c4 h4 30. c5 Kh5 31. g3 hxg3
32. fxg3 Kg5 33. c6 Kh5 34. Na6 Kg5 35. c7 Kh5 36. c8=Q Kg5 37. Qg8+ Kh5 38.
Kf6 Kh6 39. Qh8# {Black checkmated} 1-0

[Event "ICC tourney 3218 (30 10)"]
[Site "Internet Chess Club"]
[Date "2023.06.17"]
[Round "4"]
[White "HO, COOPER:arsenicblast"]
[Black "MARKOVIC, GORAN:Goran21"]
[Result "0-1"]
[ICCResult "White resigns"]
[WhiteElo "2212"]
[BlackElo "2049"]
[Opening "Sicilian: Najdorf"]
[ECO "B90"]
[NIC "SI.14"]
[Time "18:00:07"]
[PlyCount "78"]
[TimeControl "1800+10"]

1. e4 c5 2. Nf3 d6 3. d4 cxd4 4. Nxd4 Nf6 5. Nc3 a6 6. f3 e5 7. Nb3 h5 8.
Be3 Be6 9. Nd5 Nxd5 10. exd5 Bf5 11. Qd2 Nd7 12. Be2 Rc8 13. O-O Rxc2 14.
Qd1 Rc8 15. Qd2 Be7 16. Na5 Rc2 17. Qe1 Rxe2 18. Qxe2 Qxa5 19. Qc4 O-O 20.
Rac1 Nf6 21. Rfd1 Rc8 22. Qb3 Rxc1 23. Bxc1 b5 24. Be3 e4 25. Bd4 exf3 26.
Qe3 Nxd5 27. Qxf3 Bg4 28. Qg3 Nf6 29. Rf1 Qd2 30. Bc3 Qh6 31. h3 Be6 32. Qf2
Ne4 33. Qa7 Bf8 34. Bd4 d5 35. Qxa6 Ng3 36. Re1 Qd2 37. Bf2 Ne4 38. Qb6
Qxe1+ 39. Bxe1 Bc5+ {White resigns} 0-1

[Event "ICC tourney 3218 (30 10)"]
[Site "Internet Chess Club"]
[Date "2023.06.17"]
[Round "4"]
[White "OPASKA, MICHAEL:mopaska1106"]
[Black "POWER, SEAN K:KnightHopper"]
[Result "0-1"]
[ICCResult "White resigns"]
[WhiteElo "1943"]
[BlackElo "1944"]
[Opening "QGD semi-Slav: Stoltz variation"]
[ECO "D45"]
[NIC "SL.08"]
[Time "18:00:05"]
[PlyCount "38"]
[TimeControl "1800+10"]

1. d4 d5 2. c4 c6 3. Nc3 Nf6 4. e3 e6 5. Nf3 Nbd7 6. Qc2 Bd6 7. g4 h6 8. h3
dxc4 9. Bxc4 b5 10. Bd3 Bb7 11. Ne4 Nxe4 12. Bxe4 Qb6 13. Bd2 c5 14. a4 cxd4
15. Nxd4 Rc8 16. Qd3 Nc5 17. Qxb5+ Qxb5 18. Nxb5 Nxe4 19. f3 Bg3+
{White resigns}
0-1

[Event "ICC tourney 3218 (30 10)"]
[Site "Internet Chess Club"]
[Date "2023.06.17"]
[Round "4"]
[White "YU, VINCENT ZHIWEN:vincentyu"]
[Black "Feng, Jay:TheDeadlyPawn"]
[Result "1-0"]
[ICCResult "Black resigns"]
[WhiteElo "1615"]
[BlackElo "1973"]
[Opening "Caro-Kann: Tartakower (Nimzovich) variation"]
[ECO "B15"]
[NIC "CK.06"]
[Time "18:00:13"]
[PlyCount "43"]
[TimeControl "1800+10"]

1. e4 c6 2. d4 d5 3. Nc3 dxe4 4. Nxe4 Nf6 5. Nxf6+ exf6 6. c3 Bd6 7. Bd3 O-O
8. Qc2 h5 9. Be3 Re8 10. O-O-O b5 11. Ne2 Be6 12. h3 Qa5 13. b3 Qa3+ 14. Kb1
a5 15. Bc1 a4 16. Bxa3 axb3 17. axb3 Rxa3 18. Nc1 Nd7 19. Bf5 Rea8 20. Bxe6
Ra1+ 21. Kb2 fxe6 22. Qe4 {Black resigns} 1-0

[Event "ICC tourney 3218 (30 10)"]
[Site "Internet Chess Club"]
[Date "2023.06.17"]
[Round "4"]
[White "MENON, ROHAN Dileep:KIDFIRE"]
[Black "LU, JOSHUA:qingjoshua"]
[Result "0-1"]
[ICCResult "White checkmated"]
[WhiteElo "1512"]
[BlackElo "2095"]
[Opening "Grünfeld with Bf4 & e3"]
[ECO "D93"]
[NIC "QP.03"]
[Time "18:00:05"]
[PlyCount "86"]
[TimeControl "1800+10"]

1. d4 Nf6 2. Nf3 g6 3. Bf4 Bg7 4. e3 O-O 5. c4 d5 6. Nc3 c5 7. Be2 cxd4 8.
Nxd4 Nc6 9. Ndb5 e5 10. Bg5 d4 11. Nd5 Qa5+ 12. b4 Nxb4 13. Nxf6+ Bxf6 14.
Bxf6 Nd5+ 15. Kf1 Nxf6 16. exd4 Rd8 17. c5 exd4 18. Rc1 Ne4 19. Bc4 Nd2+ 20.
Kg1 Nxc4 21. Qb3 Be6 22. Qb1 d3 23. Rd1 a6 24. Nd6 Nxd6 25. cxd6 Rxd6 26. h3
d2 27. Qxb7 Rad8 28. Qb2 Qxa2 29. Qxa2 Bxa2 30. f3 Bb3 31. Kf2 Bxd1 32. Rxd1
Re6 33. g4 a5 34. f4 a4 35. f5 Re1 36. Rxe1 dxe1=Q+ 37. Kxe1 a3 38. Ke2 a2
39. Ke3 a1=Q 40. Kf2 Rd2+ 41. Ke3 Qd4+ 42. Kf3 g5 43. h4 Qd3# {White
checkmated} 0-1

[Event "ICC tourney 3218 (30 10)"]
[Site "Internet Chess Club"]
[Date "2023.06.17"]
[Round "4"]
[White "JIANG, BRANDON:BranKing"]
[Black "Ledas, Armandas:ArmandasLedas"]
[Result "1-0"]
[ICCResult "Black checkmated"]
[WhiteElo "2204"]
[BlackElo "1561"]
[Opening "Sicilian: Nimzovich-Rossolimo attack (with ...g6, without ...d6)"]
[ECO "B31"]
[NIC "SI.31"]
[Time "18:00:12"]
[PlyCount "45"]
[TimeControl "1800+10"]

1. e4 c5 2. Nf3 Nc6 3. Bb5 g6 4. O-O Bg7 5. c3 d6 6. h3 Nf6 7. Re1 O-O 8. d4
Bd7 9. Bg5 a6 10. Bf1 Qb6 11. Qd2 Rfd8 12. Na3 cxd4 13. cxd4 Qb4 14. Qe3 b5
15. Rab1 Rac8 16. Red1 h6 17. Bxh6 Bxh6 18. Qxh6 Nxe4 19. Bd3 Nf6 20. Bxg6
fxg6 21. Qxg6+ Kf8 22. Ng5 Be8 23. Ne6# {Black checkmated} 1-0

[Event "ICC tourney 3218 (30 10)"]
[Site "Internet Chess Club"]
[Date "2023.06.17"]
[Round "4"]
[White "Belous, Vladimir:Openyagami"]
[Black "GUSEINOV, GADIR:GGuseinov"]
[Result "1/2-1/2"]
[ICCResult "Game drawn by repetition"]
[WhiteElo "2594"]
[BlackElo "2711"]
[Opening "King's Indian: Makagonov system (5.h3)"]
[ECO "E71"]
[NIC "KI.31"]
[Time "18:00:11"]
[PlyCount "73"]
[TimeControl "1800+10"]

1. d4 Nf6 2. c4 g6 3. Nc3 Bg7 4. e4 d6 5. h3 Nbd7 6. Bg5 e5 7. d5 h6 8. Bh4
Nc5 9. b4 g5 10. bxc5 gxh4 11. cxd6 cxd6 12. Nf3 Nh5 13. c5 O-O 14. cxd6 Nf4
15. Bb5 a6 16. d7 axb5 17. dxc8=Q Rxc8 18. Ne2 Nxg2+ 19. Kf1 f5 20. exf5
Rxf5 21. Kxg2 Rxf3 22. Kxf3 Qg5 23. Rg1 e4+ 24. Kxe4 Re8+ 25. Kf3 Rf8+ 26.
Nf4 Rxf4+ 27. Ke2 Qf5 28. Rg2 Qxh3 29. Kf1 Qh1+ 30. Rg1 Qh3+ 31. Rg2 Kf8 32.
Rc1 Qh1+ 33. Rg1 Qh3+ 34. Rg2 Qh1+ 35. Rg1 Qh3+ 36. Rg2 Qh1+ 37. Rg1
{Game drawn by repetition}
1/2-1/2

[Event "ICC tourney 3218 (30 10)"]
[Site "Internet Chess Club"]
[Date "2023.06.17"]
[Round "4"]
[White "Pendse, Vihaan:awakeprize"]
[Black "JIMENEZ, LUIS A:eltuna"]
[Result "1-0"]
[ICCResult "Black resigns"]
[WhiteElo "2007"]
[BlackElo "1857"]
[Opening "Réti opening"]
[ECO "A05"]
[NIC "QP.11"]
[Time "18:00:07"]
[PlyCount "71"]
[TimeControl "1800+10"]

1. Nf3 Nf6 2. e3 c5 3. b3 g6 4. Bb2 Bg7 5. d4 cxd4 6. exd4 O-O 7. Bd3 d5 8.
O-O Nc6 9. Re1 Nb4 10. Ba3 Nc6 11. Nbd2 Re8 12. Bb2 Nb4 13. Ne5 Nxd3 14.
Nxd3 b6 15. Ne5 Bb7 16. Qf3 Rf8 17. Ba3 Ne4 18. Qd3 Nd6 19. Qe2 Rc8 20. Rac1
Re8 21. Qf3 f6 22. Bxd6 Qxd6 23. Nec4 Qd7 24. Ne3 e5 25. dxe5 d4 26. Ne4
Bxe4 27. Qxe4 Rxe5 28. Qd3 Rc3 29. Qd2 Bh6 30. Rcd1 Bxe3 31. Qxc3 Qf5 32.
Qc4+ Kg7 33. fxe3 dxe3 34. Qe2 Qg5 35. Rd7+ Kh6 36. Rd3 {Black resigns} 1-0

[Event "ICC tourney 3218 (30 10)"]
[Site "Internet Chess Club"]
[Date "2023.06.17"]
[Round "4"]
[White "LIANG, YU-CHENG:Yucheng"]
[Black "JIANG, ANDREW:andrewjiang2"]
[Result "1-0"]
[ICCResult "Black resigns"]
[WhiteElo "2197"]
[BlackElo "2286"]
[Opening "QGD: 4.Bg5 Be7"]
[ECO "D53"]
[NIC "QO.14"]
[Time "18:00:07"]
[PlyCount "57"]
[TimeControl "1800+10"]

1. d4 d5 2. c4 e6 3. Nc3 Nf6 4. Bg5 Be7 5. Nf3 h6 6. Bxf6 Bxf6 7. e3 O-O 8.
Rc1 b6 9. cxd5 exd5 10. Bd3 Be6 11. O-O c5 12. b3 Nd7 13. Ne2 g5 14. Bb1 Bg7
15. Nc3 g4 16. Ne1 f5 17. dxc5 Nxc5 18. Ne2 Qd6 19. Nd3 Rac8 20. Ndf4 Bb2
21. Rc2 Be5 22. g3 Ne4 23. Rxc8 Bxc8 24. Bxe4 dxe4 25. Qxd6 Bxd6 26. Rd1 Rd8
27. Nc3 a6 28. Ncd5 b5 29. Nb6 {Black resigns} 1-0

[Event "ICC tourney 3218 (30 10)"]
[Site "Internet Chess Club"]
[Date "2023.06.17"]
[Round "4"]
[White "HO, CARTER:corviknight"]
[Black "GHOSH, YOHAN:luckylion"]
[Result "0-1"]
[ICCResult "White resigns"]
[WhiteElo "2115"]
[BlackElo "1848"]
[Opening "Sicilian: accelerated fianchetto, modern variation"]
[ECO "B34"]
[NIC "SI.33"]
[Time "18:00:12"]
[PlyCount "116"]
[TimeControl "1800+10"]

1. e4 c5 2. Nf3 Nc6 3. d4 cxd4 4. Nxd4 g6 5. Nc3 Bg7 6. Be3 Nf6 7. f3 d5 8.
Bb5 Bd7 9. exd5 Ne5 10. Nde2 Bxb5 11. Nxb5 Nc4 12. Bf4 Nxb2 13. Qd4 Qa5+ 14.
Nec3 O-O 15. Be5 Rac8 16. d6 exd6 17. Bxf6 Bxf6 18. Qxf6 Na4 19. O-O Nxc3
20. Nd4 Qe5 21. Qxe5 dxe5 22. Nb3 Ne2+ 23. Kh1 Rxc2 24. Rfe1 Rfc8 25. a4 Nd4
26. Na5 b6 27. Nb7 Nb3 28. Rab1 Rc1 29. Rexc1 Rxc1+ 30. Rxc1 Nxc1 31. Nd6
Nd3 32. Nc8 Nc5 33. Nxa7 Nxa4 34. Nb5 Kf8 35. Kg1 Ke7 36. Kf2 Kd7 37. Ke3
Kc6 38. Na7+ Kc5 39. Ke4 f6 40. h4 b5 41. Nxb5 Kxb5 42. Kd5 Nc3+ 43. Ke6 e4
44. fxe4 Nxe4 45. Kf7 g5 46. h5 f5 47. Kg7 g4 48. Kxh7 f4 49. Kg6 f3 50. h6
fxg2 51. h7 g1=Q 52. h8=Q Qb6+ 53. Kh5 Nf6+ 54. Kh4 Qf2+ 55. Kg5 Qe3+ 56.
Kg6 Qe4+ 57. Kg5 Qe5+ 58. Kg6 Qh5+ {White resigns} 0-1

[Event "ICC tourney 3218 (30 10)"]
[Site "Internet Chess Club"]
[Date "2023.06.17"]
[Round "4"]
[White "Cheng, Samuel:Samuel1001"]
[Black "SKARIAH, ANUSHKA ELIZABETH:kskariah"]
[Result "0-1"]
[ICCResult "White checkmated"]
[WhiteElo "1750"]
[BlackElo "1596"]
[Opening "QGD: Cambridge Springs defense, Capablanca variation"]
[ECO "D52"]
[NIC "QO.15"]
[Time "18:00:13"]
[PlyCount "124"]
[TimeControl "1800+10"]

1. d4 d5 2. c4 e6 3. Nc3 Nf6 4. Bg5 c6 5. e3 Nbd7 6. Nf3 Qa5 7. Bxf6 Nxf6 8.
Bd3 Bb4 9. Qc2 dxc4 10. Bxc4 b5 11. Bd3 Nd5 12. O-O Bxc3 13. bxc3 Qxc3 14.
Bxh7 Qxc2 15. Bxc2 Bb7 16. Rac1 a5 17. Bb1 Rc8 18. Nd2 b4 19. Nb3 Ba6 20.
Rfe1 a4 21. Nc5 Bb5 22. Bd3 Nc3 23. Bxb5 cxb5 24. Rc2 O-O 25. Rb2 Nd5 26.
Ra1 Rfd8 27. Kf1 e5 28. Re1 exd4 29. exd4 Re8 30. Rbe2 Rxe2 31. Rxe2 Nc3 32.
Rd2 Rd8 33. f3 Nd5 34. Ke2 Re8+ 35. Kf2 Re3 36. Nd3 Re7 37. Rb2 Rc7 38. Ke2
Rc4 39. Ne1 Rxd4 40. Nc2 Rc4 41. Ne3 Nxe3 42. Kxe3 Rc3+ 43. Kd2 Rc4 44. Kd3
f5 45. Re2 Rc3+ 46. Kd4 Rc4+ 47. Ke5 Rc5+ 48. Kd6 Rc3 49. Kd5 b3 50. axb3
Rxb3 51. Kc5 a3 52. Ra2 Kf7 53. Kb6 b4 54. Ka5 Rb2 55. Ra1 a2 56. Ka4 g5 57.
g3 Kg6 58. f4 g4 59. Kb5 b3 60. Ka4 Rb1 61. Rxa2 bxa2 62. Ka3 a1=Q#
{White checkmated}
0-1

[Event "ICC tourney 3218 (30 10)"]
[Site "Internet Chess Club"]
[Date "2023.06.17"]
[Round "5"]
[White "Mannava, Nirvika:nirvimannava"]
[Black "MENON, ROHAN Dileep:KIDFIRE"]
[Result "0-1"]
[ICCResult "White checkmated"]
[WhiteElo "365"]
[BlackElo "1512"]
[Opening "Caro-Kann defense"]
[ECO "B10"]
[NIC "CK.01"]
[Time "20:00:07"]
[PlyCount "34"]
[TimeControl "1800+10"]

1. e4 c6 2. Nf3 d5 3. exd5 cxd5 4. c4 Nf6 5. cxd5 Nxd5 6. Bc4 Nc6 7. Bxd5
Qxd5 8. Nc3 Qd8 9. O-O Bg4 10. h3 Bh5 11. g4 Bg6 12. Nh4 e6 13. Nxg6 hxg6
14. d4 Rxh3 15. Ne2 Qh4 16. Ng3 Bd6 17. f4 Qxg3# {White checkmated} 0-1

[Event "ICC tourney 3218 (30 10)"]
[Site "Internet Chess Club"]
[Date "2023.06.17"]
[Round "5"]
[White "JIANG, ANDREW:andrewjiang2"]
[Black "Pendse, Vihaan:awakeprize"]
[Result "1/2-1/2"]
[ICCResult "Game drawn by mutual agreement"]
[WhiteElo "2286"]
[BlackElo "2007"]
[Opening "French: advance, Paulsen attack"]
[ECO "C02"]
[NIC "FR.03"]
[Time "20:00:13"]
[PlyCount "52"]
[TimeControl "1800+10"]

1. e4 e6 2. d4 d5 3. e5 c5 4. c3 Nc6 5. Nf3 Qb6 6. a3 Nh6 7. b4 cxd4 8. cxd4
Nf5 9. Be3 Nxe3 10. fxe3 Bd7 11. Bd3 Be7 12. O-O O-O 13. Nc3 Rac8 14. Na4
Qd8 15. Rc1 Nxe5 16. Rxc8 Nxf3+ 17. Rxf3 Qxc8 18. Nc5 Bxc5 19. bxc5 e5 20.
Rg3 exd4 21. Bxh7+ Kxh7 22. Qh5+ Kg8 23. Rxg7+ Kxg7 24. Qg5+ Kh7 25. Qh5+
Kg7 26. Qg5+ Kh7 {Game drawn by mutual agreement} 1/2-1/2

[Event "ICC tourney 3218 (30 10)"]
[Site "Internet Chess Club"]
[Date "2023.06.17"]
[Round "5"]
[White "POWER, SEAN K:KnightHopper"]
[Black "MARKOVIC, GORAN:Goran21"]
[Result "1-0"]
[ICCResult "Black resigns"]
[WhiteElo "1944"]
[BlackElo "2049"]
[Opening "Sicilian: Smith-Morra gambit"]
[ECO "B21"]
[NIC "SI.48"]
[Time "20:00:15"]
[PlyCount "123"]
[TimeControl "1800+10"]

1. e4 c5 2. d4 cxd4 3. c3 g6 4. cxd4 d5 5. exd5 Nf6 6. Nc3 Nxd5 7. Bc4 Nb6
8. Bb3 Bg7 9. Nf3 O-O 10. h3 Nc6 11. Be3 Na5 12. O-O Nxb3 13. axb3 Be6 14.
Ng5 Bf5 15. Qf3 h6 16. Nge4 a6 17. Rfd1 Rc8 18. Nc5 Nd7 19. g4 Bc2 20. Rd2
Rxc5 21. dxc5 Bxb3 22. Qxb7 Nxc5 23. Qb4 Qa8 24. Qxc5 e6 25. Qb4 Rb8 26.
Rxa6 Rxb4 27. Rxa8+ Kh7 28. Ra7 e5 29. Nd5 Rb5 30. Nc7 Rb8 31. Ra8 Rb7 32.
Ne8 Bf8 33. Nf6+ Kg7 34. Bxh6+ Kxh6 35. Rxf8 Kg7 36. Rd7 Rb5 37. g5 Kxf8 38.
Rd8+ Ke7 39. Re8+ Kd6 40. Ne4+ Kd7 41. Ra8 Ke6 42. Ra6+ Ke7 43. Ra7+ Ke6 44.
Rxf7 Bd5 45. Rf6+ Ke7 46. Nc3 Ra5 47. Nxd5+ Rxd5 48. Rxg6 Rb5 49. h4 Rxb2
50. Kg2 e4 51. Kg3 Rb3+ 52. Kg4 Rf3 53. Rf6 Rd3 54. h5 Rd1 55. h6 Rh1 56.
Kf5 Rh4 57. Kg6 e3 58. fxe3 Rh3 59. h7 Ke8 60. Kg7 Ke7 61. h8=Q Rxh8 62.
Kxh8 {Black resigns} 1-0